 Dungeon Crawl Stone Soup version 0.21-a0-442-g848f44b (webtiles) character file.

148 tof the Twirler (level 5, -6/40 HPs)
             Began as a Demonspawn Gladiator on Nov 12, 2017.
             Killed by divine providence
             ... invoked by an orc priest
              (14 damage)
             ... on level 3 of the Dungeon.
             The game lasted 00:03:28 (2588 turns).

tof the Twirler (Demonspawn Gladiator)              Turns: 2588, Time: 00:03:29

Health: -6/40      AC:  6    Str: 15    XL:     5   Next: 8%
Magic:  5/5        EV: 13    Int:  9    God:
Gold:   203        SH:  0    Dex: 15    Spells: 4/4 levels left

rFire    . . .     SeeInvis .   a - +0 quarterstaff
rCold    . . .     Gourm    .   (shield currently unavailable)
rNeg     . . .     Faith    .   b - +0 leather armour
rPois    .         Spirit   .   c - +0 helmet
rElec    .         Reflect  .   (no cloak)
rCorr    .         Harm     .   (no gloves)
MR       .....                  (no boots)
Stlth    +.........             (no amulet)
HPRegen  0.13/turn              (no ring)
MPRegen  0.09/turn              (no ring)

@: no status effects
A: hooves 1, iridescent scales 1
a: no special abilities


You were on level 3 of the Dungeon.
You were not hungry.

You visited 1 branch of the dungeon, and saw 3 of its levels.

You collected 203 gold pieces.

Inventory:

Hand Weapons
 a - a +0 quarterstaff (weapon)
Missiles
 d - 3 throwing nets (quivered)
Armour
 b - a +0 leather armour (worn)
 c - a +0 helmet (worn)
Wands
 x - a wand of confusion (30/48)
Scrolls
 e - a scroll of noise {unknown}
 h - 8 scrolls of identify {unknown}
 j - 3 scrolls of remove curse {unknown}
 l - a scroll of teleportation {unknown}
 p - a scroll of magic mapping {unknown}
 r - 2 scrolls of recharging {unknown}
 s - a scroll of random uselessness {unknown}
 w - a scroll of immolation {unknown}
Potions
 k - 3 potions of degeneration {unknown}
 m - a potion of heal wounds {unknown}
 o - 3 potions of curing {unknown}
 q - a potion of brilliance {unknown}
 t - a potion of flight {unknown}
 v - a potion of lignification {unknown}
Books
 u - a book of Changes

   Spells                             Type                      Level
   a - Beastly Appendage              Transmutation                1
   b - Sticks to Snakes               Transmutation                2
   c - Spider Form                    Transmutation/Poison         3
   d - Ice Form                       Ice/Transmutation            4
   e - Blade Hands                    Transmutation                5
Comestibles
 f - a bread ration
 g - 4 royal jellies
 i - 3 meat rations
 n - 3 fruits


   Skills:
 + Level 2.9 Fighting
 * Level 3.8 Staves
 - Level 1.7 Throwing
 + Level 1.7 Armour
 + Level 3.4 Dodging


You had 4 spell levels left.
You didn't know any spells.

Dungeon Overview and Level Annotations

Branches:
Dungeon (3/15)

Altars:
Nemelex Xobeh


Innate Abilities, Weirdness & Mutations

You have large cloven feet.
You are partially covered in iridescent scales. (AC +2)


Message History

The orc priest is moderately wounded.
The orc priest misses you.
You barely miss the orc priest. Your kick misses the orc priest.
The orc priest is moderately wounded.
The orc priest barely misses you.
You barely miss the orc priest.
The orc priest is moderately wounded.
The orc priest hits you with a mace!
* * * LOW HITPOINT WARNING * * *
You barely miss the orc priest.
The orc priest is moderately wounded.
The orc priest hits you but does no damage.
You hit the orc priest. Your kick misses the orc priest.
The orc priest is heavily wounded.
The orc priest barely misses you.
You barely miss the orc priest. Your kick misses the orc priest.
The orc priest is heavily wounded.
The orc priest mumbles some strange prayers to Beogh against you.
Beogh smites you!
You die...

##### #...# #(..# #...#
#...# #...# : #...## ...
#....#######.....
#....>...@o.......
#...########.?... ###
#...# ... ..#######.#####
..#### #...........(.#
#.... #.
#########.###....#####..#
#.. ######.# #.......# ..
###......#
#####...#######.##
#........#
##..†)...........[#


You could see an orc priest.

Vanquished Creatures
  5 adders
  A shadow imp (D:3)
  An ooze (D:1)
  3 worms
  6 dart slugs
  3 leopard geckos
  6 orcs (D:3)
  2 giant cockroaches
  9 goblins
  7 hobgoblins
  A quokka (D:3)
  7 bats
  4 frilled lizards
  5 kobolds
  4 rats
64 creatures vanquished.

Notes
Turn   | Place    | Note
-------+----------+-------------------------------------------
     0 | D:1      | tof the Demonspawn Gladiator began the quest for the Orb.
     0 | D:1      | Reached XP level 1. HP: 16/16 MP: 1/1
     2 | D:1      | Noticed a demigod
     2 | D:1      | Noticed a centaur
     4 | D:1      | Noticed a formicid
     4 | D:1      | Noticed a minotaur
     6 | D:1      | Noticed a troll
     6 | D:1      | Noticed a draconian
     8 | D:1      | Noticed a merfolk
     8 | D:1      | Noticed a vine stalker
    10 | D:1      | Noticed an octopode
    12 | D:1      | Noticed a dwarf
    14 | D:1      | Noticed a demonspawn
    14 | D:1      | Noticed a human
    16 | D:1      | Noticed a ghoul
    16 | D:1      | Noticed a felid
    18 | D:1      | Noticed a tengu
    20 | D:1      | Noticed a naga
    20 | D:1      | Noticed a halfling
    22 | D:1      | Noticed an ogre
    22 | D:1      | Noticed a vampire
    24 | D:1      | Noticed an elf
    24 | D:1      | Noticed a gargoyle
    26 | D:1      | Noticed a spriggan
    81 | D:1      | Gained mutation: You have large cloven feet. [demonic ancestry]
    81 | D:1      | Reached XP level 2. HP: 15/22 MP: 2/2
   847 | D:2      | Reached XP level 3. HP: 28/28 MP: 3/3
   854 | D:2      | Reached skill level 1 in Armour
  1321 | D:2      | Found a sparkling altar of Nemelex Xobeh.
  1986 | D:3      | Gained mutation: You are partially covered in iridescent scales. (AC +2) [demonic ancestry]
  1986 | D:3      | Reached XP level 4. HP: 34/34 MP: 4/4
  2410 | D:3      | Reached XP level 5. HP: 39/40 MP: 5/5
  2588 | D:3      | Killed from afar by an orc priest

Vault maps used:
D:1:      kb_arrival_jail
D:2:      lemuel_coloured_pillars_altar

Skill      XL: |  1  2  3 |
---------------+----------+-----
Staves         | 3 |  3.8
Dodging        | 3 |  3.4
Armour         | 1 |  1.7
Fighting       | |  2.9
Throwing       | |  1.7

Action                   |  1- 3 |  4- 6 || total
-------------------------+-------+-------++-------
Melee: Quarterstaff      |    99 |    68 ||   167
       Kick              |    21 |    21 ||    42
  Eat: Bread ration      |     1 |       ||     1
       Chunk             |     1 |       ||     1
Armor: Leather armour    |    29 |    16 ||    45
Dodge: Dodged            |    81 |    32 ||   113

Table legend:
 A = Spawn XP
 B = Non-spawn XP
 C = Spawn XP percentage of total XP
 D = Spawn monster count
 E = Non-spawn monster count
 F = Spawn count percentage of total count
 G = Total turns spent on level
                    A         B        C        D         E        F      G
               +---------+---------+-------+---------+---------+-------+---------
         Total |       0 |     212 |   0.0 |       0 |      64 |   0.0 |  2588
               +---------+---------+-------+---------+---------+-------+---------
           D:1 |       0 |      33 |   0.0 |       0 |      15 |   0.0 |   825
           D:2 |       0 |      60 |   0.0 |       0 |      19 |   0.0 |  1144
           D:3 |       0 |     119 |   0.0 |       0 |      30 |   0.0 |   619
               +---------+---------+-------+---------+---------+-------+---------
